 Dungeon Crawl Stone Soup version 0.30.0-16-gbe6223bb7e (webtiles) character file.

Game seed: 170409202126186798

8752 Kenran the Carver (level 11, 0/68 HPs)
             Began as a Gargoyle Berserker on May 20, 2023.
             Was an Elder of Trog.
             Slain by a boulder beetle (9 damage)
             ... on level 9 of the Dungeon.
             The game lasted 00:21:18 (11874 turns).

Kenran the Carver (Gargoyle Berserker)             Turns: 11874, Time: 00:21:19

Health: 0/68       AC: 26    Str: 20    XL:     11   Next: 35%
Magic:  11/11      EV:  7    Int:  9    God:    Trog [****..]
Gold:   577        SH:  0    Dex: 13    Spells: 10/10 levels left

rFire   + . .        a - +5 short sword
rCold   . . .        (no shield)
rNeg    + . .        y - +0 plate armour
rPois   ∞            e - +0 helmet
rElec   +            (no cloak)
rCorr   .            n - +0 pair of gloves
SInv    .            z - +1 pair of boots
Will    .....        A - amulet of faith {!P} Stlth
                     m - ring of protection from fire
HPRegen 0.31/turn    (no ring)
MPRegen 0.12/turn

%: faith
@: about to teleport
A: sickness immunity, AC +8, negative energy resistance 1, electricity
resistance, torment resistance 1, petrification resistance
a: Renounce Religion, Berserk, Trog's Hand, Brothers in Arms


You were on level 9 of the Dungeon.
You worshipped Trog.
Trog was greatly pleased with you.
You visited 1 branch of the dungeon, and saw 11 of its levels.
You also visited: Sewer.

You collected 577 gold pieces.

Inventory:

Hand Weapons
 a - a +5 short sword (weapon)
 b - a +1 hand axe of flaming
Armour
 e - a +0 helmet (worn)
 n - a +0 pair of gloves (worn)
 y - a +0 plate armour (worn)
 z - a +1 pair of boots (worn)
Jewellery
 m - a ring of protection from fire (left hand)
 A - an amulet of faith (around neck) {!P}
Wands
 g - a wand of flame (46)
 v - a wand of charming (13)
 x - a wand of digging (2)
Scrolls
 c - 4 scrolls of poison
 h - a scroll of magic mapping
 o - 3 scrolls of blinking
 p - 3 scrolls of vulnerability {!r}
 r - 5 scrolls of teleportation
 s - a scroll of enchant armour {unknown}
 B - a scroll of immolation {!r}
 C - a scroll of fear
 E - a scroll of acquirement {unknown}
Potions
 d - 3 potions of mutation {!q}
 f - 9 potions of curing {@q1}
 i - 2 potions of ambrosia {unknown}
 j - 3 potions of attraction {unknown}
 k - 2 potions of brilliance {unknown}
 l - 5 potions of magic {unknown}
 q - 2 potions of haste {unknown}
 t - 2 potions of degeneration {unknown}
 u - 2 potions of flight
 w - a potion of berserk rage {unknown}
Miscellaneous
 D - a phial of floods


   Skills:
 + Level 8.0 Fighting
 - Level 13.0 Long Blades
 - Level 8.0 Armour
 - Level 3.0 Dodging
 + Level 2.2 Evocations


You had 10 spell levels left.
You didn't know any spells.
Your spell library was empty.

Dungeon Overview and Level Annotations

Branches:
Dungeon (11/15)            Temple (0/1) D:6            Lair (0/5) D:8
  Sewer (visited)
    Orc: D:9-12

Altars:
Dithmenos
Fedhas
Gozag
Sif Muna
Xom

Shops:
D:9 ==!

Annotations:
D:7 3 runed translucent doors, paps's ghost, novice OpSu


Innate Abilities, Weirdness & Mutations

You are immune to sickness and miasma.
Your stone body is resilient. (AC +8)
You are immune to poison.
You resist negative energy. (rN+)
You are resistant to electric shocks. (rElec)
You are resistant to unholy torment.
You are immune to petrification.


Message History

You are too injured to fight recklessly!
You hit the boulder beetle but do no damage.
You hit the boulder beetle but do no damage.
The boulder beetle closely misses you.
You puncture the boulder beetle!
The boulder beetle is lightly wounded.
The boulder beetle bites you but does no damage.
You hit the boulder beetle but do no damage.
The boulder beetle is lightly wounded.
You hit the boulder beetle but do no damage.
The boulder beetle is lightly wounded.
The boulder beetle barely misses you.
You hit the boulder beetle but do no damage.
The boulder beetle is lightly wounded.
You completely miss the boulder beetle.
The boulder beetle is lightly wounded.
The boulder beetle bites you!
You hit the boulder beetle.
The boulder beetle is lightly wounded.
The boulder beetle leaps!
The boulder beetle curls into a ball and begins rolling!
The boulder beetle hits you!!
* * * LOW HITPOINT WARNING * * *
The boulder beetle stops rolling and uncurls.
The boulder beetle attacks as you move away!
The boulder beetle bites you.
* * * LOW HITPOINT WARNING * * *
The boulder beetle curls into a ball and begins rolling!
The boulder beetle hits you.
* * * LOW HITPOINT WARNING * * *
The boulder beetle stops rolling and uncurls.
There is a stone staircase leading up here.
The boulder beetle bites you but does no damage.
You climb upwards.
There is a stone staircase leading down here.
As you read the scroll of teleportation, it crumbles to dust.
You feel strangely unstable.
The boulder beetle waves its antennae.
The boulder beetle bites you!
You die...

## #. #. #. ################# #.
#...............# #.
########......≣≣≣≣≣....#########.
..............≣B..≣..............
..............≣.@.≣......#######.
.#####........≣..∩≣..8...# #.
.#...#........≣≣≣≣≣..)...# #.
.'...#.............∩.....# #.
.#...########.......≣≣≣≣≣# #.
.#..........#..#.8..≣∩..≣#######.
.#..........#..'....≣.<.≣........
.#..........#..#....≣..⌠≣........
.#..........#..#....≣≣≣≣≣........


You could see a boulder beetle.

Vanquished Creatures
  A catoblepas (D:10)
  Amaemon (D:9)
  An orange demon (D:9)
  Maggie (D:7)
  A troll (D:10)
  A hornet (D:11)
  Grinder (D:5)
  A meliai zombie (D:11)
  A shadow (D:10)
  2 vampires (D:10)
  2 wraiths
  2 wyverns
  3 yaks (D:9)
  4 fire bats (D:10)
  Grum (D:9)
  A steam dragon (D:8)
  4 vampire mosquitoes (D:10)
  Edmund (D:4)
  2 acid dragons
  A hell hound (D:10)
  A water moccasin (D:6)
  An orc warrior (D:9)
  2 sky beasts (D:7)
  A black bear (D:6)
  2 ice beasts
  2 wolves (D:9)
  2 centaurs
  2 phantoms
  5 kobold brigands
  4 bullfrogs
  3 scorpions
  4 wights (D:4)
  A howler monkey (D:8)
  2 lava snakes (D:10)
  3 hounds
  2 jellies
  A gnoll bouda (D:7)
  2 sleepcaps (D:6)
  Ijyb (D:5)
  Jessica (D:2)
  4 orc wizards
  Natasha (thrice) (D:2)
  Robin (D:1)
  6 gnolls
  12 adders
  3 river rats (Sewer)
  3 ufetubi
  4 worms
  2 dart slugs
  23 orcs
  11 ball pythons
  6 endoplasms
  4 giant cockroaches
  17 goblins
  9 hobgoblins
  5 jackals
  3 quokkas
  5 bats
  2 frilled lizards (D:1)
  18 kobolds
  7 rats
222 creatures vanquished.

Vanquished Creatures (others)
  An orc (D:8)
  3 fire vortices (D:10)
4 creatures vanquished.

Grand Total: 226 creatures vanquished

Notes
Turn   | Place    | Note
-------+----------+-------------------------------------------
     0 | D:1      | Kenran the Gargoyle Berserker began the quest for the Orb.
     0 | D:1      | Reached XP level 1. HP: 14/14 MP: 1/1
   137 | D:1      | Reached skill level 3 in Long Blades
   173 | D:1      | Reached XP level 2. HP: 17/19 MP: 2/2
   301 | D:1      | You fall into a shaft and drop 1 floor!
   304 | D:2      | Found a faded altar of an unknown god.
   483 | D:1      | Reached XP level 3. HP: 17/23 MP: 3/3
   583 | D:2      | Reached ** piety under Trog
   596 | D:2      | Noticed Robin
   610 | D:1      | Reached skill level 4 in Long Blades
   662 | D:2      | Noticed Natasha
   677 | D:1      | Killed Robin
   729 | D:2      | Reached XP level 4. HP: 26/28 MP: 4/4
   739 | D:2      | Killed Natasha
   758 | D:2      | Noticed Natasha
   823 | D:2      | Killed Natasha
   832 | D:2      | Noticed Natasha
   845 | D:2      | Killed Natasha
   846 | D:2      | Reached skill level 5 in Long Blades
   846 | D:2      | Reached XP level 5. HP: 8/32 MP: 5/5
  1095 | D:2      | Noticed Jessica
  1108 | D:2      | Killed Jessica
  2002 | D:3      | Reached XP level 6. HP: 37/37 MP: 6/6
  2117 | D:3      | Reached skill level 6 in Long Blades
  2945 | D:4      | Reached *** piety under Trog
  2946 | D:4      | Reached skill level 7 in Long Blades
  2946 | D:4      | Reached XP level 7. HP: 15/41 MP: 7/7
  3554 | D:4      | Noticed Edmund
  3576 | D:4      | Killed Edmund
  3577 | D:4      | Reached skill level 8 in Long Blades
  3702 | D:5      | Entered Level 5 of the Dungeon
  3831 | D:5      | Found a glowing drain.
  3835 | Sewer    | Entered a sewer
  3965 | Sewer    | Reached XP level 8. HP: 36/46 MP: 8/8
  4056 | Sewer    | Found a glowing silver altar of Zin.
  4230 | D:5      | Reached skill level 9 in Long Blades
  4572 | D:5      | Noticed Ijyb
  4594 | D:5      | Killed Ijyb
  4666 | D:5      | Noticed Grinder
  4689 | D:5      | Killed Grinder
  4690 | D:5      | Reached skill level 5 in Fighting
  5274 | D:6      | Reached XP level 9. HP: 50/55 MP: 9/9
  5307 | D:6      | Reached **** piety under Trog
  5393 | D:6      | Found a staircase to the Ecumenical Temple.
  5767 | D:6      | Reached skill level 10 in Long Blades
  6572 | D:7      | Found a runed translucent gate.
  6572 | D:7      | Found a runed translucent gate.
  6573 | D:7      | Found a runed translucent gate.
  6575 | D:7      | Found an opulent altar of Gozag.
  6577 | D:7      | Noticed a tengu warrior
  6578 | D:7      | Noticed paps's ghost (novice OpSu)
  6652 | D:7      | Noticed Maggie
  6695 | D:7      | Killed Maggie
  7004 | D:7      | Reached skill level 11 in Long Blades
  7422 | D:8      | Found a staircase to the Lair.
  7771 | D:8      | Reached skill level 5 in Armour
  7929 | D:8      | Reached XP level 10. HP: 52/61 MP: 10/10
  8390 | D:9      | Found a shimmering altar of Xom.
  8445 | D:9      | Found a shimmering blue altar of Sif Muna.
  8584 | D:9      | Noticed Amaemon
  8584 | D:9      | Noticed an orange demon
  8630 | D:9      | Killed Amaemon
  8876 | D:9      | Killed an orange demon
  8985 | D:9      | Noticed Grum
  9008 | D:9      | Reached skill level 12 in Long Blades
  9023 | D:9      | Killed Grum
  9370 | D:9      | Found Ebbeghan's Distillery.
  9370 | D:9      | Found Hellum's Jewellery Emporium.
  9371 | D:9      | Found Woleren's Jewellery Emporium.
  9584 | D:10     | Entered Level 10 of the Dungeon
  9788 | D:10     | Found a shadowy altar of Dithmenos.
 10312 | D:10     | Identified the +0 robe of the Planets {Fly rF+ Str+3}
 10369 | D:10     | Reached skill level 13 in Long Blades
 10617 | D:10     | Reached XP level 11. HP: 68/68 MP: 11/11
 10747 | D:10     | Found a blossoming altar of Fedhas.
 10851 | D:10     | Reached skill level 1 in Evocations
 11140 | D:11     | Noticed a catoblepas
 11165 | D:10     | Killed a catoblepas
 11341 | D:11     | Noticed a boulder beetle
 11874 | D:9      | Slain by a boulder beetle

Illustrated notes

Levels and vault maps discovered:
D:1:      amcnicky_arrival_blooded_trapdoor, layout_basic
D:2:      layout_rooms, ebering_ecumenical_altar_box, uniq_natasha, uniq_robin,
          uniq_jessica
D:3:      layout_basic, minmay_vboxes
D:4:      minmay_razor_zed, layout_gridville, uniq_edmund
D:5:      layout_loops_ring, gup_sewer_entry_spiral,
          chequers_serial_rivers_micro_b, uniq_ijyb, uniq_grinder
D:6:      layout_layer_cave, minmay_temple_entry_arrows, nicolae_half_adder
D:7:      layout_loops_ring, ebering_ghost_gozag,
          chequers_serial_rivers_micro_c, uniq_maggie
D:8:      layout_layer_cave, dpeg_oklobed_lair, dk_noncrumbling_2
D:9:      layout_irregular_city, mainiacjoe_overflow_catch_the_wave,
          nicolae_shop_distant_corner_stores, uniq_grum, uniq_amaemon
D:10:     layout_cave_pods, mainiacjoe_overflow_brackets,
          grunt_dithmenos_smoke_and_mirrors, hangedman_incinerator
D:11:     layout_cave_pools, serial_undead, serial_undead_b, serial_undead_f,
          serial_undead_d, serial_undead_a, serial_undead_e, serial_undead_a,
          serial_undead_b, serial_undead_c, serial_undead_a, serial_undead_a,
          serial_shops, nicolae_shop_statue_plus

Skill      XL: |  1  2  3  4  5  6  7  8  9 10 11 |
---------------+----------------------------------+-----
Long Blades    | 3 4 5 7 8 9 11 13 | 13.0
Fighting       | 6 8 |  8.0
Armour         | 3 5 6 8 |  8.0
Dodging        | 3 |  3.0
Evocations     | 2 |  2.2

Action                     |  1- 3 |  4- 6 |  7- 9 | 10-12 || total
---------------------------+-------+-------+-------+-------++-------
  Melee: Falchion          |   145 |   237 |       |       ||   382
         Punch             |     1 |     1 |     7 |     8 ||    17
         Short sword       |       |    23 |   597 |   517 ||  1137
 Invoke: Berserk           |     1 |     3 |     5 |     9 ||    18
         Trog's Hand       |       |       |     2 |     1 ||     3
    Use: Scroll            |       |     4 |     5 |     4 ||    13
         Potion            |       |       |     2 |       ||     2
 Armour: Animal skin       |    10 |       |       |       ||    10
         Chain mail        |   100 |   153 |   259 |       ||   512
         Plate armour      |       |       |    31 |   458 ||   489
  Dodge: Dodged            |    98 |    99 |   166 |   154 ||   517
